 Seeded DCSS version 0.30.1-11-g7821555f0a (webtiles) character file.

Game seed: 5129858224507802926 (custom seed)

26 Psyclone the Conjurer (level 2, -1/15 HPs)
             Began as a Deep Elf Conjurer on Nov 7, 2023.
             Slain by a gnoll
             ... wielding a +0 halberd
              (8 damage)
             ... on level 2 of the Dungeon.
             The game lasted 00:01:24 (444 turns).

Psyclone the Conjurer (Deep Elf Conjurer)            Turns: 444, Time: 00:01:26

Health: -1/15      AC:  2    Str:  4    XL:     2   Next: 89%
Magic:  8/8        EV: 12    Int: 22    God:
Gold:   45         SH:  0    Dex: 13    Spells: 5/8 levels left

rFire   . . .        (no weapon)
rCold   . . .        (no shield)
rNeg    . . .        a - +0 robe
rPois   .            (no helmet)
rElec   .            (no cloak)
rCorr   .            (no gloves)
SInv    .            (no boots)
Will    .....        (no amulet)
Stlth   ++           (no ring)
HPRegen 0.22/turn    (no ring)
MPRegen 0.11/turn

%: no passive effects
@: no status effects
A: no striking features
a: no special abilities


You were on level 2 of the Dungeon.
You visited 1 branch of the dungeon, and saw 2 of its levels.

You collected 45 gold pieces.

Inventory:

Armour
 a - a +0 robe (worn)
Scrolls
 c - a scroll of fear {unknown}
 d - a scroll of magic mapping {unknown}
Potions
 b - a potion of magic


   Skills:
 - Level 2.4 Dodging
 - Level 2.4 Stealth
 + Level 3.6 Spellcasting
 * Level 5.1 Conjurations


You had 5 spell levels left.
You knew the following spells:

 Your Spells              Type           Power      Damage    Failure   Level
a - Magic Dart            Conj           100%       1d8       1%          1
b - Searing Ray           Conj           52%        2d6       2%          2

Your spell library contained the following spells:

 Spells                   Type           Power      Damage    Failure   Level
 Dazzling Flash           Conj/Hex       30%        N/A       12%         3
 Fulminant Prism          Conj/Hex       7%         3d7       38%         4
 Iskenderun's Mystic Bla  Conj/Tloc      15%        2d5       38%         4


Dungeon Overview and Level Annotations

Branches:
Dungeon (2/15) Zot: 11554

Altars:

Shops:
D:2 [


Message History

You now have 0/8 mp.
Without enough magic to sustain it, your searing ray dissipates.
The gnoll misses you. The gnoll attacks as you move away!
The gnoll hits you with a +0 club.
* * * LOW HITPOINT WARNING * * *
You take 4 damage, and have 2/15 hp.
MASSIVE DAMAGE!!
The gnoll attacks as you move away! The gnoll hits you with a +0 club.
* * * LOW HITPOINT WARNING * * *
You take 1 damage, and have 1/15 hp.
You see here a ball python corpse.
Casting: Searing Ray (safe; 2% risk of failure)
Confirm with . or Enter, or press ? or * to list all spells.
Aiming: Searing Ray (safe; 2% risk of failure)
Press: ? - help, Shift-Dir - straight line, f/p - gnoll
Aim: a gnoll, wielding a +0 club (severely wounded, 82% to hit)
The searing ray hits the gnoll!
You kill the gnoll!
The searing ray misses the gnoll. (Press . to maintain the ray.)
Your Conjurations skill increases to level 5!
You now have 0/8 mp.
There is a stone staircase leading up here.
You climb upwards.
There is a stone staircase leading down here.
Unknown command.
Unknown command.
You start resting.
HP restored.
Health restored: 15 You regained 4 mp, and now have 6/8 mp.
You start resting.
Magic restored.
MP restored: 8 You climb downwards.
The gnoll hits you with a +0 whip!
Ouch! That really hurt!
There is a stone staircase leading up, spattered with blood here.
You take 8 damage, and have 7/15 hp.
MASSIVE DAMAGE!!
The gnoll hits you from afar with a +0 halberd!
Ouch! That really hurt!
You die...

#....#.........#.#
#...g#.#.###.###.#
....)#.#.#.....#.#
####g#.#.#...#.#.###
.....#(#.#.........#
..#..#.#.##..#.#.#.#
..#..#.#.##........# #
###..#.#.###.##.##g#.#
)......#........@.g..#
###..#######.#########
.....(......
##...###### .+...+
##...# ###### # .#


You could see 2 gnolls.

Vanquished Creatures
  A gnoll (D:2)
  A bat (D:2)
  An endoplasm (D:2)
  A goblin (D:2)
  4 hobgoblins (D:2)
  3 quokkas
  A ball python (D:2)
  A kobold (D:2)
  2 rats (D:1)
15 creatures vanquished.

Notes
Turn   | Place    | Note
-------+----------+-------------------------------------------
     0 | D:1      | Psyclone the Deep Elf Conjurer began the quest for the Orb.
     0 | D:1      | Reached XP level 1. HP: 10/10 MP: 6/6
   210 | D:2      | Reached XP level 2. HP: 15/15 MP: 6/8
   213 | D:2      | Learned a level 2 spell: Searing Ray
   329 | D:2      | Found Xoolosaxt's Antique Armour Shop.
   375 | D:2      | Reached skill level 5 in Conjurations
   444 | D:2      | Slain by a gnoll

Illustrated notes

Levels and vault maps discovered:
D:1:      saegor_arrival_simple_c, layout_rooms, serial_shops, shop,
          kennysheep_nondescript, minmay_misc_feat_ornament
D:2:      layout_basic, serial_shops, nicolae_shop_tiny_statue_garden,
          nicolae_shop_scrapyard, shop, shop

Skill      XL: |  1  2 |
---------------+-------+-----
Conjurations   | 5 |  5.1
Dodging        | |  2.4
Stealth        | |  2.4
Spellcasting   | |  3.6

Action                     || total
---------------------------++-------
   Cast: Magic Dart        ||    27
         Searing Ray       ||     2
 Armour: Robe              ||     1
  Dodge: Dodged            ||     6
